Map: Neon Violet Square LE

Players

CinDra - Winner!

  • Race: Zerg Zerg
  • League: Silver
  • Spawn Location: 11:00

Niir

  • Race: Protoss Protoss
  • League: Gold
  • Spawn Location: 5:00

VOD

Have the link to the VOD?

Description

Time

  • Played on: Feb. 26, 2018, 4:41 p.m.
  • Length: 18:18
Show
View Real Time Build Order
Export as new Build Order

CinDra Zerg - Winner!

Build Orders: Hatch First 

Get SALT Encoding   

  12  0:00  Drone  
  13  0:13  Overlord  
  13  0:18  Drone  
  14  0:32  Drone  
  14  0:33  Drone  
  16  0:40  Drone  
  17  0:57  Hatchery  
  17  0:58  Drone  
  17  1:04  Drone  
  17  1:07  Drone  
  17  1:08  Extractor  
  18  1:21  Spawning Pool  
  18  1:25  Spawning Pool  
  18  1:27  Drone  
  18  1:32  Drone  
  19  1:39  Drone  
  20  1:50  Drone  
  21  2:12  Queen x2  
  21  2:14  Zergling x4  
  21  2:15  Zergling x2  
  28  2:18  Metabolic Boost  
  28  2:23  Overlord  
  28  2:43  Drone x4  
  32  3:01  Drone x3  
  35  3:09  Extractor  
  35  3:10  Zergling x4  
  36  3:13  Overlord  
  36  3:18  Lair  
  36  3:35  Drone x8  
  36  3:36  Overlord  
  44  3:50  Hatchery  
  43  3:58  Queen  
  43  4:02  Overlord  
  45  4:04  Drone  
  45  4:05  Drone  
  47  4:10  Zergling x4  
  47  4:14  Overlord  
  49  4:32  Drone x6  
  55  4:43  Zergling x2  
  55  4:44  Zergling x10  
  61  4:54  Spire  
  61  4:55  Drone x2  
  62  5:23  Drone x12  
  62  5:24  Overlord  
  74  5:43  Extractor  
  74  5:44  Overlord x4  
  74  5:45  Overlord  
  74  5:47  Extractor  
  72  6:01  Spore Crawler  
  71  6:04  Spore Crawler  
  71  6:09  Mutalisk  
  71  6:10  Mutalisk x6, Spore Crawler  
  83  6:13  Overlord x3  
  83  6:30  Drone x7  
  83  6:31  Drone x3  
  93  6:37  Extractor  
  93  6:38  Extractor  
  91  6:50  Mutalisk x4  
  99  6:54  Drone  
  99  6:55  Drone x4  
  99  6:56  Drone, Overlord x2  
  99  6:57  Drone x2  
  107  7:21  Spire  
  106  7:24  Evolution Chamber  
  106  7:26  Mutalisk x3  
  106  7:29  Evolution Chamber  
  110  7:46  Corruptor x3  
  106  8:15  Corruptor x5  
  112  8:22  Zerg Flyer Weapons Level 1  
  112  8:25  Zergling x10  
  112  8:26  Zergling x16  
  125  8:38  Hatchery  
  124  8:44  Pneumatized Carapace  
  87  9:36  Zergling x30  
  89  9:44  Mutalisk x2  
  93  9:54  Mutalisk x2  
  97  10:02  Queen  
  97  10:04  Mutalisk x2  
  97  10:05  Mutalisk x3  
  109  10:17  Mutalisk, Zerg Flyer Armor Level 1  
  109  10:18  Mutalisk x7  
  109  10:21  Drone x6  
  131  10:28  Extractor  
  131  10:30  Corruptor x2  
  131  10:32  Extractor  
  133  10:42  Mutalisk x2  
  137  11:00  Mutalisk  
  137  11:01  Mutalisk x2  
  133  11:29  Corruptor  
  133  11:30  Corruptor x3  
  125  11:32  Overseer  
  125  11:33  Overseer  
  125  11:54  Corruptor x4  
  125  11:57  Corruptor  
  135  12:06  Corruptor x2  
  139  12:14  Zerg Flyer Weapons Level 2  
  139  12:38  Spore Crawler  
  139  12:39  Spore Crawler  
  139  12:42  Spore Crawler x2  
  139  12:43  Drone x2, Spore Crawler  
  139  12:44  Drone x5  
  106  13:17  Zergling x14  
  106  13:18  Zergling x26  
  110  13:33  Corruptor  
  110  13:34  Corruptor x10  
  118  13:48  Zergling x10  
  115  14:13  Overlord  
  115  14:14  Overlord  
  115  14:15  Mutalisk x10  
  135  14:43  Hatchery  
  133  14:50  Zergling x2  
  133  14:51  Zergling x36  
  152  14:53  Overlord  
  152  14:54  Overlord x4  
  152  15:11  Zerg Ground Armor Level 1, Zerg Melee Weapons Level 1  
  114  15:31  Corruptor x8  
  114  15:32  Corruptor x11  
  130  15:56  Drone x2  
  132  16:01  Extractor  
  131  16:05  Corruptor x6  
  131  16:07  Extractor  
  131  16:09  Overseer x2  
  142  16:34  Corruptor  
  142  16:35  Corruptor x4  
  142  16:36  Zergling x2  
  142  16:37  Zergling x30  
  168  16:49  Infestation Pit  
  167  16:54  Corruptor  
  167  16:55  Corruptor x2  
  167  16:56  Zergling x2  
  167  16:57  Zergling x20  
  167  16:59  Overlord  
  184  17:02  Zergling x6  
  187  17:11  Corruptor  
  187  17:12  Corruptor x2  
  187  17:14  Zergling x4  
  172  17:53  Mutalisk x4  
  172  17:54  Mutalisk x6  
Show
View Real Time Build Order
Export as new Build Order

Niir Protoss 

Build Orders:  

Get SALT Encoding   

  12  0:01  Probe  
  13  0:18  Pylon  
  13  0:31  Probe  
  14  0:40  Gateway  
  14  0:56  Forge  
  14  0:58  Probe (Chrono Boost)  
  14  1:03  Assimilator  
  15  1:07  Assimilator  
  15  1:09  Probe (Chrono Boost)  
  16  1:13  Probe (Chrono Boost)  
  17  1:24  Probe  
  18  1:38  Cybernetics Core  
  18  1:51  Photon Cannon  
  18  2:02  Photon Cannon  
  18  2:09  Probe  
  19  2:19  Pylon  
  19  2:24  Nexus  
  19  2:28  Adept (Chrono Boost)  
  21  2:31  Warp Gate (Chrono Boost)  
  21  2:35  Protoss Ground Weapons Level 1  
  21  2:39  Probe  
  22  2:51  Probe  
  23  3:03  Pylon  
  23  3:11  Probe  
  23  3:12  Pylon  
  24  3:23  Stalker  
  26  3:32  Stargate  
  26  3:38  Probe x2  
  28  3:52  Probe x2  
  30  3:55  Assimilator  
  30  3:59  Assimilator  
  30  4:16  Probe x2  
  32  4:18  Phoenix (Chrono Boost)  
  34  4:28  Probe  
  34  4:30  Adept  
  37  4:36  Protoss Air Weapons Level 1  
  37  4:44  Probe x2  
  39  4:55  Stargate  
  39  5:03  Probe x2  
  41  5:18  Stalker  
  41  5:20  Void Ray (Chrono Boost)  
  47  5:29  Pylon  
  47  5:31  Probe  
  47  5:32  Probe  
  49  5:43  Nexus  
  49  5:44  Adept, Pylon  
  51  5:51  Probe  
  51  5:53  Probe  
  53  5:59  Pylon  
  53  6:11  Adept  
  53  6:14  Void Ray  
  59  6:20  Probe (Chrono Boost), Pylon  
  59  6:21  Probe (Chrono Boost)  
  61  6:32  Probe x2 (Chrono Boost)  
  63  6:36  Adept, Probe x2 (Chrono Boost)  
  67  6:48  Fleet Beacon  
  67  6:58  Shield Battery  
  67  6:59  Adept  
  67  7:00  Shield Battery  
  69  7:08  Probe x2  
  71  7:13  Probe  
  72  7:16  Assimilator  
  72  7:20  Assimilator  
  72  7:26  Void Ray x2 (Chrono Boost)  
  72  7:27  Pylon  
  75  7:39  Stalker  
  75  8:03  Photon Cannon  
  75  8:05  Photon Cannon  
  75  8:10  Pylon  
  74  8:23  Mothership (Chrono Boost)  
  74  8:28  Photon Cannon  
  74  8:36  Photon Cannon  
  74  8:39  Photon Cannon  
  84  8:43  Probe x2 (Chrono Boost)  
  84  8:48  Carrier (Chrono Boost)  
  90  8:50  Probe (Chrono Boost)  
  91  8:56  Carrier (Chrono Boost)  
  95  9:25  Graviton Catapult  
  87  9:36  Stalker  
  79  9:48  Probe x2  
  81  9:57  Photon Cannon  
  81  9:59  Photon Cannon  
  81  10:00  Probe x2  
  81  10:05  Stargate  
  83  10:09  Carrier x2 (Chrono Boost)  
  83  10:10  Probe, Protoss Air Armor Level 1  
  83  10:12  Probe  
  97  10:29  Stargate  
  97  10:36  Pylon  
  97  10:37  Photon Cannon  
  97  10:40  Photon Cannon  
  97  10:44  Stalker  
  99  10:51  Probe x2  
  99  10:52  Probe  
  102  11:03  Probe  
  102  11:04  Probe x2  
  105  11:11  Photon Cannon  
  105  11:14  Pylon  
  105  11:15  Probe, Photon Cannon  
  105  11:16  Probe x2  
  108  11:28  Probe  
  109  11:35  Carrier x2 (Chrono Boost)  
  121  12:05  Carrier (Chrono Boost)  
  127  12:25  Nexus  
  127  12:30  Pylon  
  127  12:34  Pylon  
  127  12:37  Pylon  
  127  12:54  Carrier  
  133  13:07  Stalker  
  103  13:32  Carrier  
  103  13:34  Carrier  
  107  14:04  Probe x4  
  107  14:16  Probe x2  
  109  14:29  Photon Cannon  
  109  14:31  Photon Cannon  
  109  14:32  Photon Cannon  
  109  14:34  Photon Cannon x2  
  109  14:35  Photon Cannon x2  
  109  14:37  Photon Cannon  
  109  14:39  Carrier (Chrono Boost)  
  109  14:40  Carrier (Chrono Boost)  
  109  14:43  Assimilator, Mothership (Chrono Boost)  
  121  14:47  Assimilator  
  129  14:55  Carrier (Chrono Boost)  
  135  15:03  Photon Cannon  
  135  15:04  Photon Cannon  
  135  15:07  Shield Battery  
  135  15:08  Carrier (Chrono Boost)  
  135  15:09  Shield Battery  
  135  15:12  Shield Battery  
  129  15:37  Photon Cannon  
  129  15:38  Photon Cannon, Stalker  
  129  15:40  Photon Cannon  
  129  15:42  Photon Cannon  
  131  15:56  Carrier (Chrono Boost)  
  131  16:02  Stalker  
  139  16:13  Nexus  
  139  16:16  Pylon x2  
  139  16:18  Pylon  
  139  16:20  Pylon  
  139  16:26  Carrier  
  139  16:29  Nexus  
  139  16:32  Pylon  
  145  16:34  Pylon  
  145  16:37  Pylon  
  145  16:41  Carrier  
  151  17:05  Robotics Facility  
  87  17:59  Adept  
Tags
 
Add a new tag
Caveats
  • Supply blocks, unpowered buildings, or Contaminate may cause inaccurate times.
  • Supply counts are checked every 10 seconds.